 Dungeon Crawl Stone Soup version 0.20-a0-470-gbb038bd (webtiles) character file.

20 Klosterheim the Grasshopper (level 2, -2/23 HPs)
             Began as a Demonspawn Warper on Jan 13, 2017.
             Slain by an adder (3 damage)
             ... on level 2 of the Dungeon.
             The game lasted 00:01:39 (1123 turns).

Klosterheim the Grasshopper (Demonspawn Warper)     Turns: 1123, Time: 00:01:40

Health: -2/23      AC:  5    Str: 11    XL:     2   Next: 58%
Magic:  5/5        EV: 10    Int: 14    God:
Gold:   29         SH:  0    Dex: 12    Spells: 5/5 levels left

rFire  . . .     SeeInvis .     a - +0 hand axe
rCold  . . .     Gourm    .     m - +0 ring mail
rNeg   . . .     Faith    .     (no shield)
rPois  .         Spirit   .     (no helmet)
rElec  .         Reflect  .     (no cloak)
rCorr  .         Harm     .     (no gloves)
MR     .....                    (no boots)
Stlth  +.........               (no amulet)
                                (no ring)
                                (no ring)

@: lethally poisoned (-2 -> -20)
A: powered by death 1
a: no special abilities


You were on level 2 of the Dungeon.
You were not hungry.

You visited 1 branch of the dungeon, and saw 2 of its levels.

You collected 29 gold pieces.

Inventory:

Hand Weapons
 a - a +0 hand axe (weapon)
Missiles
 e - 5 tomahawks of dispersal (quivered)
Armour
 m - a +0 ring mail (worn)
Scrolls
 d - a scroll of blinking
 g - a scroll of immolation {unknown}
 h - a scroll of amnesia {unknown}
 i - 2 scrolls of remove curse {unknown}
 k - a scroll of fear {unknown}
 n - a scroll of identify {unknown}
Potions
 b - a potion of haste {unknown}
 j - a potion of curing {unknown}
 p - a potion of mutation {unknown}
Books
 c - a book of Spatial Translocations

   Spells                             Type                      Level
   a - Blink                          Translocation                2
   b - Shroud of Golubria             Charms/Translocation         2
   c - Lesser Beckoning               Translocation                3
   d - Portal Projectile              Translocation                3
   e - Teleport Other                 Translocation                3
   f - Passage of Golubria            Translocation                4
Comestibles
 f - a bread ration
 l - 2 chunks of flesh
 o - a meat ration


   Skills:
 + Level 2.4 Fighting
 * Level 2.5 Axes
 - Level 0.8 Throwing
 - Level 0.8 Armour
 - Level 1.7 Dodging
 - Level 2.0 Spellcasting
   Level 2.6 Translocations


You had 5 spell levels left.
You didn't know any spells.

Dungeon Overview and Level Annotations

Branches:
Dungeon (2/15)

Altars:


Innate Abilities, Weirdness & Mutations

You regenerate a little health from kills.


Message History

The adder bites you but does no damage. x2
You closely miss the adder.
You feel sick. The adder barely misses you.
You closely miss the adder. The adder bites you but does no damage.
The adder bites you.
You are lethally poisoned!
The adder poisons you!
You miss the adder.
You feel sick. The adder bites you.
You are more poisoned.
The adder poisons you!
You miss the adder.
* * * LOW HITPOINT WARNING * * *
You feel sick. The adder barely misses you. The adder bites you.
* * * LOW HITPOINT WARNING * * *
You are more poisoned.
The adder poisons you!
You hit the adder.
The adder is heavily wounded.
* * * LOW HITPOINT WARNING * * *
You feel sick. The adder closely misses you. The adder bites you.
You die...

.#......# .#.###(.#
#.# ...###..# #.#
#...(<##### #.#
##.........## #.#
#...........# #.#
#.####.###..# #.#
###.# # #.#
#..####.#...... #)#
#......@S.# #.#
##.####.### #.# #.#
#...
#.####.####.########
#..................
######.#####.######
#.......# #########


You could see an adder.

Vanquished Creatures
  A ball python (D:2)
  A giant cockroach (D:2)
  5 goblins
  A hobgoblin (D:1)
  3 bats (D:1)
  3 frilled lizards (D:1)
  4 kobolds (D:1)
  2 rats (D:1)
20 creatures vanquished.

Notes
Turn   | Place    | Note
-------+----------+-------------------------------------------
     0 | D:1      | Klosterheim the Demonspawn Warper began the quest for the Orb.
     0 | D:1      | Reached XP level 1. HP: 16/16 MP: 3/3
   316 | D:1      | Gained mutation: You regenerate a little health from kills. [demonic ancestry]
   316 | D:1      | Reached XP level 2. HP: 8/22 MP: 5/5
  1123 | D:2      | HP: 1/23 [poisoned by an adder]
  1123 | D:2      | Slain by an adder

Vault maps used:
D:1:      saegor_arrival_simple_b
D:2:      regret_index_temple_of_mockery, first_bread, uniq_iyjb, uniq_sigmund

Skill      XL: |  1 |
---------------+----+-----
Axes           | 2 |  2.5
Fighting       | |  2.4
Throwing       | |  0.8
Armour         | |  0.8
Dodging        | |  1.7
Spellcasting   | |  2.0
Translocations | |  2.6

Action                   || total
-------------------------++-------
Melee: Hand axe          ||    54
  Eat: Chunk             ||     1
Armor: Leather armour    ||     6
       Ring mail         ||     8
Dodge: Dodged            ||    36
